 Dungeon Crawl Stone Soup version 0.32-a0-314-g526f7d4993 (webtiles) character file.

Game seed: 13244786271599655933

316 Drazool the Cleaver (level 6, -7/46 (51) HPs)
             Began as a Mountain Dwarf Fighter on Feb 15, 2024.
             Was a Follower of Zin.
             Mangled by a wight
             ... wielding a +0 great sword
              (13 damage)
             ... on level 4 of the Dungeon.
             The game lasted 00:09:24 (3007 turns).

Drazool the Cleaver (Mountain Dwarf Fighter)        Turns: 3007, Time: 00:09:25

HP:   -7/46 (51)    AC: 11    Str: 20    XL:     6   Next: 20%
MP:   6/6           EV:  9    Int:  9    God:    Zin [*.....]
Gold: 134           SH:  4    Dex:  9    Spells: 5/5 levels left

rFire   . . .        a - +0 war axe
rCold   . . .        j - +0 buckler
rNeg    . . .        b - +0 scale mail
rPois   .            u - +1 helmet
rElec   .            (no cloak)
rCorr   .            g - +0 pair of gloves
SInv    .            t - +0 pair of boots
Will    .....        (no amulet) Stlth
                     (no ring)
HPRegen 0.27/turn    (no ring)
MPRegen 0.10/turn

%: no passive effects
@: on recite cooldown, drained
A: runic magic, artefact enchanting
a: Renounce Religion, Recite, Donate Gold


You were on level 4 of the Dungeon.
You worshipped Zin.
Zin was aware of your devotion.
You visited 1 branch of the dungeon, and saw 4 of its levels.

You collected 148 gold pieces.
You donated 14 gold pieces to Zin.


Innate Abilities, Weirdness & Mutations

Your spellcasting is much less encumbered by armour.
You can use scrolls of enchantment on lesser artefacts.


   Skills:
 - Level 3.2 Fighting
 + Level 8.0 Axes
 - Level 3.2 Armour
 - Level 3.2 Shields


You had 5 spell levels left.
You didn't know any spells.
Your spell library contained the following spells:

 Spells                   Type           Power      Damage    Failure   Level
 Inner Flame              Hex/Fire       0%         N/A       89%         3
 Flame Wave               Conj/Fire      0%         2d4       100%        4
 Sticky Flame             Fire/Alch      0%         2d4       100%        4

Inventory:

Hand Weapons
 a - a +0 war axe (weapon)
Missiles
 p - 2 poisoned darts
Armour
 b - a +0 scale mail (worn)
 g - a +0 pair of gloves (worn)
 j - a +0 buckler (worn)
 t - a +0 pair of boots (worn)
 u - a +1 helmet (worn)
Jewellery
 c - a ring of ice
 C - a ring of ice
Wands
 k - a wand of digging (4)
Scrolls
 f - a scroll of revelation {unknown}
 i - a scroll of vulnerability {unknown}
 n - a scroll of fog {unknown}
 o - a scroll of blinking
 q - a scroll of poison
 r - a scroll of enchant weapon {unknown}
 v - a scroll of butterflies {unknown}
Potions
 d - a potion of might
 e - a potion of lignification {unknown}
 h - 2 potions of magic {unknown}
 l - a potion of berserk rage {unknown}
 m - a potion of curing {unknown}
 s - a potion of brilliance {unknown}
 w - a potion of invisibility {unknown}

Dungeon Overview and Level Annotations

Branches:
Dungeon (4/15)
 Temple: D:4-7

Altars:
Nemelex Xobeh
Vehumet
Zin

###..######...#
##...#.z.##....#
####zz#####.......# .....##
####....# ...z## ##...#
#..## #...# #### ##(..# .
##############.zzz# ...
........##......@.# #....
................).#
###......
###.>########....######...#
#### ###..###.).####
##........### #..####.###
#### ###


You could see 3 wights.


Message History

You slash the wight!
You destroy the wight!
Zin accepts your kill.
Your life force feels restored.
Your Axes skill increases to level 8!
You have reached level 6!
You clear your throat and prepare to recite. "To those who would swear an oath of reverence on my altar..."
The wight hits you with a +0 great sword!
You feel drained.
You hit the wight but do no damage. "...I bring ye salvation.
To the rest, ye forces of darkness..."
The wight closely misses you.
You hit the wight but do no damage.
You barely miss the wight. "...and the profane, the name of Zin shall be thy damnation."
You finish reciting Anathema 20:15.
The wight hits you with a +4 falchion of freezing!
You feel drained. The wight freezes you.
The wight hits you with a +0 great sword!
* * * LOW HITPOINT WARNING * * *
You feel drained.
* * * LOW HITPOINT WARNING * * *
You barely miss the wight. x2; You closely miss the wight.
The wight hits you with a +4 falchion of freezing!
* * * LOW HITPOINT WARNING * * *
The wight freezes you.
* * * LOW HITPOINT WARNING * * *
The wight closely misses you.
The wight hits you with a +0 great sword!
You die...

Skill      XL: |  1  2  3  4  5 |
---------------+----------------+-----
Axes           | 3 4 5 6 8 |  8.0
Fighting       | |  3.2
Armour         | |  3.2
Shields        | |  3.2

Action                     |  1- 3 |  4- 6 || total
---------------------------+-------+-------++-------
  Melee: War axe           |    81 |   148 ||   229
 Invoke: Recite            |       |     7 ||     7
    Use: Scroll            |       |     2 ||     2
 Armour: Scale mail        |    55 |   108 ||   163
  Dodge: Dodged            |    35 |    82 ||   117
  Block: Buckler           |    18 |    27 ||    45

Levels and vault maps discovered:
D:1:      dpeg_arrival_rhombi, layout_loops_cross
D:2:      layout_basic, dreamdust_ecumenical_altar_grove, basic_altar
D:3:      layout_basic, mainiacjoe_overflow_paths,
          mainiacjoe_overflow_concentric_impassable, dk_noncrumbling_4,
          uniq_terence
D:4:      layout_layer_cave, uniq_pargi, uniq_edmund

Notes
Turn   | Place    | Note
-------+----------+-------------------------------------------
     0 | D:1      | Drazool the Mountain Dwarf Fighter began the quest for the
                  | Orb.
     0 | D:1      | Reached XP level 1. HP: 19/19 MP: 1/1
    62 | D:1      | Reached skill level 3 in Axes
    64 | D:1      | Reached XP level 2. HP: 22/26 MP: 2/2
   279 | D:1      | Reached skill level 4 in Axes
   522 | D:1      | Reached XP level 3. HP: 31/31 MP: 3/3
   767 | D:2      | Found a glowing silver altar of Zin.
   783 | D:2      | Became a worshipper of Zin the Law-Giver
   827 | D:2      | Reached * piety under Zin
   848 | D:2      | Reached skill level 5 in Axes
   895 | D:2      | Found a faded altar of an unknown god.
  1065 | D:2      | Reached XP level 4. HP: 31/38 MP: 4/4
  1309 | D:2      | Reached skill level 6 in Axes
  1364 | D:2      | Reached XP level 5. HP: 45/45 MP: 5/5
  1923 | D:3      | Noticed Terence
  1932 | D:3      | Killed Terence
  2005 | D:3      | Reached skill level 7 in Axes
  2114 | D:3      | Found a sparkling altar of Nemelex Xobeh.
  2366 | D:3      | Found a radiant altar of Vehumet.
  3004 | D:4      | Reached skill level 8 in Axes
  3004 | D:4      | Reached XP level 6. HP: 50/51 MP: 6/6
  3007 | D:4      | Mangled by a wight

Vanquished Creatures
  A wight (D:4)
  Terence (D:3)
  An orc wizard (D:2)
  3 gnolls
  7 adders
  A white imp (D:2)
  3 dart slugs
  A ribbon worm (D:2)
  3 orcs
  3 ball pythons (D:2)
  5 endoplasms
  2 giant cockroaches (D:1)
  9 goblins
  4 hobgoblins
  7 kobolds
  5 quokkas
  2 bats
  3 frilled lizards
  5 rats
66 creatures vanquished.

Table legend: (Time is in decaauts)
 A = Elapsed time spent in this place.
 B = Non-inter-level travel time spent in this place.
 C = Inter-level travel time spent in this place.
 D = Time resting spent in this place.
 E = Time spent auto-exploring this place.
 F = Levels seen in this place.
 G = Mean time per level.
                   A        B        C        D        E       F      G
               +--------+--------+--------+--------+--------+-----+--------+
         Total |   3071 |   2899 |    172 |    172 |   1993 |   4 |  767.8 |
       Dungeon |   3071 |   2899 |    172 |    172 |   1993 |   4 |  767.8 |
               +--------+--------+--------+--------+--------+-----+--------+

Top non-repeatable levels by time:
     D:3: 1060 daAuts
     D:2: 965 daAuts
     D:1: 785 daAuts
     D:4: 261 daAuts

Table legend:
 A = Non-vault XP
 B = Vault XP
 C = Vault XP percentage of total XP
 D = Non-vault monster count
 E = Vault monster count
 F = Vault count percentage of total count
                 A         B        C        D         E       F
            +---------+---------+-------+---------+---------+-------
      Total |     415 |      37 |   8.2 |      65 |       1 |   1.5
            +---------+---------+-------+---------+---------+-------
        D:1 |      53 |       0 |   0.0 |      19 |       0 |   0.0
        D:2 |     165 |       0 |   0.0 |      27 |       0 |   0.0
        D:3 |      72 |      37 |  33.9 |      13 |       1 |   7.1
        D:4 |     125 |       0 |   0.0 |       6 |       0 |   0.0
            +---------+---------+-------+---------+---------+-------
